 Dungeon Crawl Stone Soup version 0.29-a0-414-g5075937ec3 (webtiles) character file.

Game seed: 9493645826562536471

3482 Pelinal the Covert (level 10, -1/63 HPs)
             Began as a Merfolk Ice Elementalist on May 16, 2022.
             Was an Initiate of Ashenzari.
             Slain by an orc warrior
             ... wielding a +0 war axe
              (12 damage)
             ... on level 7 of the Dungeon.
             The game lasted 00:20:29 (7749 turns).

Pelinal the Covert (Merfolk Ice Elementalist)       Turns: 7749, Time: 00:20:30

Health: -1/63      AC: 13    Str:  8    XL:     10   Next: 7%
Magic:  5/13       EV: 18    Int: 15    God:    Ashenzari [......]
Gold:   258        SH:  0    Dex: 25    Spells: 4/13 levels left

rFire   . . .      SeeInvis .   y - +1 short sword (venom)
rCold   . . .      Faith    .   (no shield)
rNeg    . . .      Spirit   .   a - +0 robe
rPois   .          Reflect  .   j - +1 helmet
rElec   .          Harm     .   h - +0 cloak
rCorr   .          Rampage  .   (no gloves)
Will    .....                   q - +0 pair of boots
Stlth   +++++.....              (no amulet)
HPRegen 0.20/turn               x - +6 ring of dexterity
MPRegen 0.13/turn               (no ring)

@: ice-armoured, freezing walls
A: (nimble swimmer 2), mertail
a: Renounce Religion


You were on level 7 of the Dungeon.
You worshipped Ashenzari.
Ashenzari was noncommittal.
You visited 2 branches of the dungeon, and saw 8 of its levels.

You collected 303 gold pieces.
You spent 45 gold pieces at shops.

Inventory:

Hand Weapons
 c - a +0 dagger
 n - a +0 trident
 s - a +0 spear
 y - a +1 short sword of venom (weapon)
 D - a +1 trident
 I - the +6 mace of Regicide {distort, Fly rN+ Int-4}
   (You found it on level 6 of the Dungeon)

   It warps and distorts space around it, and may blink, banish, or inflict
   extra damage upon those it strikes.
   Unwielding it can cause banishment or high damage.
   Int:       It affects your intelligence (-4).
   rN:        It protects you from negative energy.
   Fly:       It grants you flight.
Missiles
 f - 3 atropa-tipped darts
 i - 211 stones
 r - 21 poisoned darts (quivered)
Armour
 a - a +0 robe (worn)
 h - a +0 cloak (worn)
 j - a +1 helmet (worn)
 q - a +0 pair of boots (worn)
Jewellery
 x - a +6 ring of dexterity (left hand)
Wands
 C - a wand of acid (3)
 E - a wand of polymorph (11)
Scrolls
 e - 4 scrolls of teleportation
 g - a scroll of enchant weapon
 k - a scroll of poison {unknown}
 o - a scroll of acquirement {unknown}
 p - 3 scrolls of vulnerability
 t - 2 scrolls of enchant armour
 u - a scroll of fog {unknown}
 v - a scroll of identify
 w - 3 scrolls of immolation {unknown}
 z - a scroll of amnesia
 G - 2 scrolls of blinking {unknown}
Potions
 b - 2 potions of magic
 d - a potion of heal wounds
 l - 2 potions of curing {unknown}
 m - 2 potions of resistance
 A - a potion of cancellation {unknown}
 B - a potion of attraction {unknown}
 F - 2 potions of flight {unknown}
 H - a potion of brilliance {unknown}


   Skills:
 + Level 6.9 Polearms
 - Level 6.0 Throwing
 + Level 7.6 Dodging
 - Level 9.0 Stealth
 - Level 2.1 Spellcasting
 - Level 4.0 Transmutations
 - Level 8.0 Ice Magic


You had 4 spell levels left.
You knew the following spells:

 Your Spells              Type           Power      Damage    Failure   Level
a - Freeze                Ice            100%       1d11      1%          1
b - Frozen Ramparts       Ice            50%        1d7       2%          3
c - Ozocubu's Armour      Ice            25%        N/A       2%          3
z - Wereblood             Tmut           13%        N/A       6%          2

Your spell library contained the following spells:

 Spells                   Type           Power      Damage    Failure   Level
 Beastly Appendage        Tmut           26%        N/A       4%          1
 Animate Skeleton         Necr           2%         N/A       22%         1
 Apportation              Tloc           2%         N/A       22%         1
 Summon Small Mammal      Summ           4%         N/A       22%         1
 Spider Form              Tmut/Pois      7%         N/A       28%         3
 Blink                    Tloc           2%         N/A       32%         2
 Hailstorm                Conj/Ice       13%        3d5       38%         4
 Call Canine Familiar     Summ           1%         N/A       54%         3
 Lesser Beckoning         Tloc           1%         N/A       54%         3
 Portal Projectile        Hex/Tloc       2%         N/A       54%         3
 Stone Arrow              Conj/Erth      2%         3d7       54%         3
 Animate Armour           Summ/Erth      2%         N/A       91%         4
 Leda's Liquefaction      Hex/Erth       0%         N/A       91%         4
 Lee's Rapid Deconstruct  Erth           0%         3d5*      99%         5
 Manifold Assault         Tloc           1%         N/A       99%         5
 Statue Form              Tmut/Erth      4%         N/A       100%        6
 Lehudib's Crystal Spear  Conj/Erth      0%         10d2      100%        8


Dungeon Overview and Level Annotations

Branches:
Dungeon (7/15)             Temple (1/1) D:4

Altars:
Ashenzari
Cheibriados
Elyvilon
Gozag
Hepliaklqana
Makhleb
Okawaru
Ru
Sif Muna
Vehumet
Wu Jian
Yredelemnul
Zin

Shops:
D:2 [   D:3 =


Innate Abilities, Weirdness & Mutations

((You are very nimble when in or above water. (Stealth+, EV+, Speed+++)))
Your lower body shifts to a powerful aquatic tail in water.


Message History

The walls around you are covered in ice.
The wall freezes the orc warrior.
The orc warrior hits you with a +0 war axe!
Unknown command.
Casting: Frozen Ramparts (dangerous; 2% risk of failure)
Confirm with . or Enter, or press ? or * to list all spells.
A film of ice covers your body!
The wall freezes the orc warrior!
The orc warrior hits you with a +0 war axe.
Unknown command.
Unknown command.
You are too injured to fight recklessly!
You are too injured to fight recklessly!
Unknown command.
Casting: Ozocubu's Armour (dangerous; 2% risk of failure)
Confirm with . or Enter, or press ? or * to list all spells.
Aiming: Freeze (safe; 1% risk of failure)
Press: ? - help, Shift-Dir - straight line, f - orc warrior
Aim: an orc warrior, wielding a +0 war axe and wearing a +0 chain mail (moderately wounded)
You freeze the orc warrior.
The orc warrior is heavily wounded.
The wall freezes the orc warrior!
The orc warrior hits you with a +0 war axe!
* * * LOW HITPOINT WARNING * * *
Unknown command.
You closely miss the orc warrior.
The orc warrior is severely wounded.
The wall freezes the orc warrior.
The orc warrior hits you with a +0 war axe.
* * * LOW HITPOINT WARNING * * *
Unknown command.
Casting: Freeze (safe; 1% risk of failure)
Confirm with . or Enter, or press ? or * to list all spells.
Aiming: Freeze (safe; 1% risk of failure)
Press: ? - help, Shift-Dir - straight line, f/p - orc warrior
Aim: an orc warrior, wielding a +0 war axe and wearing a +0 chain mail (almost dead)
You freeze the orc warrior.
The orc warrior is almost dead.
The wall freezes the orc warrior.
The orc warrior hits you with a +0 war axe!
You die...

#.# #.# #.#
.######.#
........####>.!
#######........
#.#####.o
#.#####.o#
#.@o....o.
#######.##


You could see an orc warrior, an orc wizard (asleep) and an orc (asleep).

Vanquished Creatures
  A hornet (D:7)
  Grinder (D:5)
  2 steam dragons (D:6)
  Edmund (D:4)
  A water moccasin (D:7)
  A black bear (D:5)
  4 ice beasts
  An ogre (D:4)
  A centaur (D:5)
  4 phantoms
  2 kobold brigands (D:7)
  A bullfrog (D:7)
  5 scorpions
  2 necrophages
  A wight (D:3)
  3 howler monkeys
  A crimson imp (D:4)
  6 hounds
  A gnoll shaman (D:6)
  5 jellies
  An orc priest (D:6)
  3 iguanas
  4 orc wizards
  12 adders
  7 gnolls
  A shadow imp (D:7)
  2 white imps
  An ufetubus (D:5)
  2 worms (D:3)
  2 dart slugs (D:1)
  17 orcs
  5 bats
  4 endoplasms
  2 giant cockroaches
  9 goblins
  7 hobgoblins
  4 jackals (D:1)
  18 kobolds
  6 quokkas
  6 ball pythons
  2 frilled lizards
  8 rats
167 creatures vanquished.

Vanquished Creatures (others)
  16 plants (D:1)
16 creatures vanquished.

Grand Total: 183 creatures vanquished

Notes
Turn   | Place    | Note
-------+----------+-------------------------------------------
     0 | D:1      | Pelinal the Merfolk Ice Elementalist began the quest for
                  | the Orb.
     0 | D:1      | Reached XP level 1. HP: 13/13 MP: 3/3
   156 | D:1      | Reached XP level 2. HP: 19/19 MP: 5/5
   681 | D:1      | Reached skill level 5 in Ice Magic
   700 | D:1      | Reached XP level 3. HP: 23/24 MP: 6/6
   701 | D:1      | Found a faded altar of an unknown god.
  1131 | D:1      | Learned a level 3 spell: Frozen Ramparts
  1592 | D:2      | Found Ligin's Armour Shoppe.
  1607 | D:2      | Bought a +0 pair of boots for 45 gold pieces
  1680 | D:2      | Reached XP level 4. HP: 25/30 MP: 5/7
  2159 | D:3      | Found an ornate altar of the Wu Jian Council.
  2272 | D:3      | Found a faded altar of an unknown god.
  2280 | D:3      | Found a snail-covered altar of Cheibriados.
  2343 | D:3      | Learned a level 3 spell: Ozocubu's Armour
  2515 | D:3      | Found Ushroi's Jewellery Shop.
  3002 | D:3      | Reached XP level 5. HP: 35/35 MP: 8/8
  3250 | D:4      | Found a white marble altar of Elyvilon.
  3265 | D:4      | Reached XP level 6. HP: 36/41 MP: 6/9
  3411 | D:4      | Found a burning altar of Makhleb.
  3411 | D:4      | Found a radiant altar of Vehumet.
  3510 | D:4      | Found a staircase to the Ecumenical Temple.
  3687 | D:4      | Noticed Edmund
  3788 | D:4      | Reached skill level 3 in Stealth
  3829 | D:4      | Reached skill level 4 in Stealth
  3829 | D:4      | Reached XP level 7. HP: 21/46 MP: 7/10
  4124 | D:4      | Reached skill level 5 in Stealth
  4401 | D:4      | Killed Edmund
  4402 | D:4      | Reached skill level 1 in Throwing
  4580 | D:5      | Entered Level 5 of the Dungeon
  4609 | D:5      | Reached skill level 6 in Stealth
  4639 | D:5      | Reached XP level 8. HP: 38/52 MP: 3/11
  4834 | D:5      | Noticed Grinder
  4835 | D:5      | Paralysed by Grinder for 3 turns
  4856 | D:5      | Killed Grinder
  4857 | D:5      | Reached skill level 7 in Stealth
  5292 | D:5      | Reached skill level 5 in Throwing
  5292 | D:5      | Reached skill level 8 in Stealth
  5542 | D:6      | Reached XP level 9. HP: 20/57 MP: 3/12
  5784 | D:6      | Learned a level 2 spell: Wereblood
  5915 | D:6      | Reached skill level 9 in Stealth
  5982 | D:6      | Reached skill level 1 in Polearms
  5982 | D:6      | Reached skill level 1 in Transmutations
  6504 | D:6      | Identified the +6 mace of Regicide {distort, Fly rN+ Int-4}
  6576 | D:6      | Found a basalt altar of Yredelemnul.
  6834 | D:7      | Reached skill level 5 in Dodging
  7150 | D:7      | Reached skill level 5 in Polearms
  7294 | D:7      | Noticed a hornet
  7300 | D:7      | Paralysed by a hornet for 2 turns
  7304 | D:7      | Reached XP level 10. HP: 21/63 MP: 1/13
  7629 | Temple   | Entered the Ecumenical Temple
  7650 | Temple   | Became a worshipper of Ashenzari the Shackled
  7749 | D:7      | Slain by an orc warrior

Illustrated notes

Levels and vault maps discovered:
D:1:      dpeg_arrival_round_b, layout_basic, shapermc_ecumenical_altar_petra,
          serial_bayou_lagoon_a, minmay_ruptured
D:2:      layout_basic, serial_shops, shop,
          nicolae_concentric_dashed_squares_wild, serial_bayou_pond_e,
          minmay_pentomino_z2
D:3:      layout_rooms, mainiacjoe_overflow_alcove_1,
          nicolae_overflow_ecumenical_swirl, serial_shops,
          nicolae_shop_hallway_plus, chequers_serial_rivers_room_b
D:4:      layout_loops_cross, elyvilon_altar_5,
          grunt_temple_overflow_lords_of_destruction,
          minmay_temple_entry_statues, kennysheep_generic_room_4, uniq_edmund
D:5:      layout_rooms, chequers_serial_rivers_micro_c, uniq_grinder
D:6:      minmay_diamond_boxcup, layout_gridville, mainiacjoe_overflow_24_doors
D:7:      minmay_recursive_quarters, layout_basic, tgw_fedhas,
          serial_park_tiny_pond
Temple:   dshaligram_water_room_temple

Skill      XL: |  1  2  3  4  5  6  7  8  9 |
---------------+----------------------------+-----
Ice Magic      | 5 6 7 8 |  8.0
Stealth        | 4 6 8 9 |  9.0
Throwing       | 3 5 6 |  6.0
Dodging        | 7 |  7.6
Polearms       | 6 |  6.9
Transmutations | 4 |  4.0
Spellcasting   | |  2.1

Action                   |  1- 3 |  4- 6 |  7- 9 | 10-12 || total
-------------------------+-------+-------+-------+-------++-------
Melee: Dagger            |    94 |    28 |       |       ||   122
       Unarmed           |     2 |       |     1 |       ||     3
       Punch             |     2 |       |     2 |       ||     4
       Tailslap          |     3 |       |       |       ||     3
       Short sword       |       |    52 |   214 |     7 ||   273
Throw: Dart              |       |     3 |    14 |       ||    17
 Cast: Freeze            |    28 |    26 |    24 |     4 ||    82
       Frozen Ramparts   |       |     2 |    19 |     1 ||    22
       Ozocubu's Armour  |       |     1 |    12 |     1 ||    14
Evoke: Wand              |       |     2 |     9 |       ||    11
  Use: Scroll            |     1 |     1 |     5 |       ||     7
       Potion            |       |       |       |     1 ||     1
 Stab: Sleeping          |     8 |     6 |    12 |     1 ||    27
Armor: Robe              |    14 |    26 |    86 |     1 ||   127
Dodge: Dodged            |    57 |    45 |   145 |     5 ||   252

Table legend: (Time is in decaauts)
 A = Elapsed time spent in this place.
 B = Non-inter-level travel time spent in this place.
 C = Inter-level travel time spent in this place.
 D = Time resting spent in this place.
 E = Time spent auto-exploring this place.
 F = Levels seen in this place.
 G = Mean time per level.
                   A        B        C        D        E       F      G
               +--------+--------+--------+--------+--------+-----+--------+
         Total |   7746 |   7361 |    385 |   2238 |   3296 |   8 |  968.2 |
       Dungeon |   7709 |   7341 |    368 |   2238 |   3287 |   7 | 1101.3 |
        Temple |     36 |     20 |     16 |      0 |      9 |   1 |   36.0 |
               +--------+--------+--------+--------+--------+-----+--------+

Top non-repeatable levels by time:
     D:1: 1410 daAuts
     D:4: 1386 daAuts
     D:6: 1364 daAuts
     D:3: 1061 daAuts
     D:5: 918 daAuts
     D:7: 824 daAuts
     D:2: 743 daAuts
  Temple: 36 daAuts
